 Dungeon Crawl Stone Soup version 0.28-a0-410-gbef64dd269 (webtiles) character file.

Game seed: 382879326260354858

116 siradein the Poker (level 5, 0/73 HPs)
             Began as a Naga Fighter on Sept 7, 2021.
             Succumbed to an adder's poison
             ... on level 3 of the Dungeon.
             The game lasted 00:03:11 (2561 turns).

siradein the Poker (Naga Fighter)                   Turns: 2561, Time: 00:03:11

Health: 0/73       AC: 22    Str: 19    XL:     5   Next: 0%
Magic:  5/5        EV:  1    Int:  8    God:
Gold:   80         SH:  7    Dex: 11    Spells: 4/4 levels left

rFire   . . .      SeeInvis +   a - +0 trident
rCold   + . .      Faith    .   g - +0 kite shield
rNeg    + + +      Spirit   .   (armour currently unavailable)
rPois   +          Reflect  .   (helmet currently unavailable)
rElec   .          Harm     .   (cloak currently unavailable)
rCorr   .          Rampage  .   (gloves currently unavailable)
Will    .....      NoTele   +   (no barding)
Stlth   +.........              (no amulet)
HPRegen 0.22/turn               i - ring of protection from cold
MPRegen 0.09/turn               (no ring)

@: lethally poisoned (0 -> -1), tree-form
A: stationary, stasis, torment immunity, boosted hp, AC +1, large, see
invisible, (deformed body), (poison resistance), (slowness 2), spit poison 1,
(naga tail 1)
a: Spit Poison


You were on level 3 of the Dungeon.
You were a tree.
You visited 1 branch of the dungeon, and saw 3 of its levels.

You collected 80 gold pieces.

Inventory:

Hand Weapons
 a - a +0 trident (weapon)
Armour
 g - a +0 kite shield (worn)
 m - a +0 chain mail (melded)
Jewellery
 i - a ring of protection from cold (left branch)
Scrolls
 f - 2 scrolls of identify {unknown}
 h - 2 scrolls of teleportation {unknown}
 j - a scroll of enchant weapon {unknown}
Potions
 c - a potion of flight {unknown}
 d - a potion of might
 l - a potion of cancellation {unknown}


   Skills:
 - Level 3.0 Fighting
 + Level 5.0 Polearms
 - Level 2.4 Armour
 - Level 2.4 Shields


You had 4 spell levels left.
You didn't know any spells.
Your spell library was empty.

Dungeon Overview and Level Annotations

Branches:
Dungeon (3/15)

Altars:
Makhleb


Innate Abilities, Weirdness & Mutations

You are a tree.
Your roots penetrate the ground, keeping you stationary.
You cannot be teleported.
You are immune to unholy pain and torment.
Your maximum health is greatly increased.
Your equipment is partially melded.
((Your serpentine skin is tough. (AC +1)))
You have supernaturally acute eyesight. (SInv)
((Armour fits poorly on your strangely shaped body.))
((Your system is resistant to poisons. (rPois)))
((You cover ground very slowly.))
You can spit poison.
((You have a snake-like lower body.))


Message History

Your shield prevents you from hitting the orc.
The orc is severely wounded.
You block the orc's attack.
You hit the orc.
You kill the orc!
The adder barely misses you.
You have reached level 5!
You closely miss the adder. The adder bites you but does no damage.
You block the adder's attack.
You closely miss the adder. The adder bites you.
* * * LOW HITPOINT WARNING * * *
You hit the adder.
The adder is lightly wounded.
The adder bites you but does no damage. x2
You barely miss the adder.
The adder is lightly wounded.
You block the adder's attack. The adder barely misses you.
You closely miss the adder.
The adder is lightly wounded.
The adder bites you but does no damage.
You hit the adder.
The adder is heavily wounded.
The adder bites you.
* * * LOW HITPOINT WARNING * * *
You are lethally poisoned!
The adder poisons you! The adder bites you.
* * * LOW HITPOINT WARNING * * *
It was a potion of lignification.
You turn into a tree.
Your +0 chain mail melds into your body.
Your roots penetrate the ground.
* * * LOW HITPOINT WARNING * * *
You feel sick. The adder bites you but does no damage.
You barely miss the adder.
The adder is heavily wounded.
* * * LOW HITPOINT WARNING * * *
You feel sick. You block the adder's attack.
The adder bites you but does no damage.
You puncture the adder!
You kill the adder!
You die...

#..# #.. #..
..# #.. ...
.. #.# .#
#.##.#
#o##.##
#)##..#
#♣##..#
#.##..###
#.......#
### ####
###.....#...
....
#.[.#.#.#
####
#.......#
#.#...###
#.....#
###..##


You could see an orc.

Vanquished Creatures
  An iguana (D:3)
  3 adders
  A worm (D:2)
  2 dart slugs (D:1)
  6 orcs
  4 endoplasms
  2 giant cockroaches (D:3)
  5 goblins (D:1)
  4 hobgoblins
  3 jackals
  2 kobolds
  4 quokkas
  5 ball pythons
  6 bats
  5 frilled lizards
  6 rats
59 creatures vanquished.

Notes
Turn   | Place    | Note
-------+----------+-------------------------------------------
     0 | D:1      | siradein the Naga Fighter began the quest for the Orb.
     0 | D:1      | Reached XP level 1. HP: 21/21 MP: 1/1
   157 | D:1      | Reached XP level 2. HP: 28/28 MP: 2/2
   253 | D:1      | Reached skill level 3 in Polearms
   667 | D:1      | Reached XP level 3. HP: 25/34 MP: 3/3
   990 | D:1      | Found a faded altar of an unknown god.
  1459 | D:2      | Reached skill level 4 in Polearms
  2120 | D:3      | Found a burning altar of Makhleb.
  2126 | D:3      | Reached XP level 4. HP: 42/42 MP: 4/4
  2547 | D:3      | Reached skill level 5 in Polearms
  2553 | D:3      | Reached XP level 5. HP: 6/49 MP: 5/5
  2558 | D:3      | HP: 2/49 [adder (1)]
  2561 | D:3      | Succumbed to an adder's poison

Illustrated notes

Levels and vault maps discovered:
D:1:      minmay_arrival_glassed_features, layout_loops_ring,
          hellmonk_ecumenical_altar_arch_garden, chequers_serial_rivers_small_b,
          minmay_misc_feat_five, minmay_vboxes
D:2:      layout_basic, minmay_close_crescents
D:3:      layout_loops_ring, bloody_makhleb

Skill      XL: |  1  2  3  4 |
---------------+-------------+-----
Polearms       | 3 4 5 |  5.0
Fighting       | |  3.0
Armour         | |  2.4
Shields        | |  2.4

Action                   |  1- 3 |  4- 6 || total
-------------------------+-------+-------++-------
Melee: Trident           |   126 |    70 ||   196
 Abil: Spit Poison       |       |     1 ||     1
  Use: Potion            |       |     2 ||     2
Armor: Scale mail        |    34 |    22 ||    56
       Chain mail        |       |     8 ||     8
       Skin              |       |     2 ||     2
Dodge: Dodged            |    34 |    14 ||    48
Block: Buckler           |    12 |       ||    12
       Kite shield       |    13 |    25 ||    38

Table legend: (Time is in decaauts)
 A = Elapsed time spent in this place.
 B = Non-inter-level travel time spent in this place.
 C = Inter-level travel time spent in this place.
 D = Time resting spent in this place.
 E = Time spent auto-exploring this place.
 F = Levels seen in this place.
 G = Mean time per level.
                   A        B        C        D        E       F      G
               +--------+--------+--------+--------+--------+-----+--------+
         Total |   3137 |   3005 |    132 |      0 |   2501 |   3 | 1045.7 |
       Dungeon |   3137 |   3005 |    132 |      0 |   2501 |   3 | 1045.7 |
               +--------+--------+--------+--------+--------+-----+--------+

Top non-repeatable levels by time:
     D:1: 1389 daAuts
     D:2: 1199 daAuts
     D:3: 548 daAuts
